 Dungeon Crawl Stone Soup version 0.28-a0-674-gdaf460b524 (webtiles) character file.

Game seed: 14155418510445943889

0 andesha the Firebug (level 1, 0/14 HPs)
             Began as a Draconian Fire Elementalist on Oct 17, 2021.
             Slain by a goblin (2 damage)
             ... on level 1 of the Dungeon.
             The game lasted 00:01:34 (65 turns).

andesha the Firebug (Draconian Fire Elementalist)     Turns: 65, Time: 00:01:35

Health: 0/14       AC:  4    Str: 10    XL:     1   Next: 8%
Magic:  1/3        EV: 12    Int: 15    God:
Gold:   2          SH:  0    Dex: 11    Spells: 3/4 levels left

rFire   . . .      SeeInvis .   (no weapon)
rCold   . . .      Faith    .   (no shield)
rNeg    . . .      Spirit   .   (armour unavailable)
rPois   .          Reflect  .   (helmet restricted)
rElec   .          Harm     .   (no cloak)
rCorr   .          Rampage  .   (no gloves)
Will    .....                   (no boots)
Stlth   ++........              (no amulet)
HPRegen 0.04/turn               (no ring)
MPRegen 0.08/turn               (no ring)

@: no status effects
A: AC +4, unfitting armour, cold-blooded
a: no special abilities


You were on level 1 of the Dungeon.
You visited 1 branch of the dungeon, and saw 1 of its levels.

You collected 2 gold pieces.

You aren't carrying anything.


   Skills:
 + Level 1.7 Dodging
 + Level 1.8 Stealth
 + Level 2.0 Spellcasting
 + Level 1.0 Conjurations
 * Level 3.0 Fire Magic


You had 3 spell levels left.
You knew the following spells:

 Your Spells              Type           Power      Damage    Failure   Level
a - Foxfire               Conj/Fire      28%        2x1d5     10%         1

Your spell library contained the following spells:

 Spells                   Type           Power      Damage    Failure   Level
 Scorch                   Fire           20%        2d6       10%         2
 Conjure Flame            Conj/Fire      7%         6-21      28%         3
 Inner Flame              Hex/Fire       6%         N/A       34%         3
 Flame Wave               Conj/Fire      7%         3d4       67%         4


Dungeon Overview and Level Annotations

Branches:
Dungeon (1/15)

Altars:


Innate Abilities, Weirdness & Mutations

Your plain brown scales are hard. (AC +4)
You cannot fit into any form of body armour.
You are cold-blooded and may be slowed by cold attacks.


Message History

A goblin comes into view. It is wielding a +0 dagger.
The goblin shouts!
The rat bites you but does no damage. The goblin completely misses you.
You hit the rat but do no damage. The rat misses you.
The goblin hits you with a +0 club.
You hit the rat. You tail-slap the rat.
You kill the rat!
The goblin hits you but does no damage. The goblin hits you but does no damage.
You see here a rat corpse.
You hit the goblin but do no damage. The goblin hits you but does no damage.
The goblin hits you with a +0 club.
You hit the goblin.
The goblin is severely wounded.
The goblin closely misses you. x2; The rat bites you but does no damage.
You hit the goblin but do no damage.
The goblin is severely wounded.
The goblin closely misses you. The goblin misses you.
The rat bites you but does no damage.
You barely miss the goblin.
The goblin is severely wounded.
The goblin hits you with a +0 dagger. The goblin hits you but does no damage.
The rat bites you.
You miss the goblin.
The goblin is heavily wounded.
The goblin hits you but does no damage. The goblin hits you with a +0 club.
The rat bites you but does no damage.
You hit the goblin but do no damage.
The goblin is heavily wounded.
The goblin hits you but does no damage. The goblin hits you with a +0 club.
* * * LOW HITPOINT WARNING * * *
The rat closely misses you.
You hit the goblin.
Your tail-slap misses the goblin.
The goblin is severely wounded.
The goblin barely misses you. The goblin closely misses you.
The rat bites you but does no damage.
You closely miss the goblin.
The goblin is severely wounded.
The goblin hits you with a +0 dagger.
You die...

##### ##..#. #####≈...≈
### ###........≈ ##.##
##.....≈≈....
#.g.###.≈.≈..≈..P..
#g@..##.≈.≈P...≈...
......r#.........P......
.......#............≈P≈.
.......##...PP≈...≈....P
#...### #.....≈.....≈≈..
#... ##......P≈..≈..≈
#.. #..##..≈≈.≈...≈ #.
##.##≈≈##≈.P.≈≈
#.###≈≈.#≈≈≈≈≈


You could see 2 goblins and a rat.

Vanquished Creatures
  A rat (D:1)
1 creature vanquished.

Vanquished Creatures (others)
  2 foxfires (D:1)
2 creatures vanquished.

Grand Total: 3 creatures vanquished

Notes
Turn   | Place    | Note
-------+----------+-------------------------------------------
     0 | D:1      | andesha the Draconian Fire Elementalist began the quest for
                  | the Orb.
     0 | D:1      | Reached XP level 1. HP: 14/14 MP: 3/3
    65 | D:1      | Slain by a goblin

Illustrated notes

Levels and vault maps discovered:
D:1:      lemuel_arrival_muddy, layout_loops_cross

Action                   || total
-------------------------++-------
Melee: Unarmed           ||    10
       Tailslap          ||     1
 Cast: Foxfire           ||     3
Armor: Skin              ||    11
Dodge: Dodged            ||    10

Table legend: (Time is in decaauts)
 A = Elapsed time spent in this place.
 B = Non-inter-level travel time spent in this place.
 C = Inter-level travel time spent in this place.
 D = Time resting spent in this place.
 E = Time spent auto-exploring this place.
 F = Levels seen in this place.
 G = Mean time per level.
                   A        B        C        D        E       F      G
               +--------+--------+--------+--------+--------+-----+--------+
         Total |     66 |     66 |      0 |      9 |     30 |   1 |   66.0 |
       Dungeon |     66 |     66 |      0 |      9 |     30 |   1 |   66.0 |
               +--------+--------+--------+--------+--------+-----+--------+

Top non-repeatable levels by time:
     D:1: 66 daAuts
